AoeStats
← 凉拌皮蛋

African Clearing

506841638Analyzed
4v4 RM · 17d ago on Sep 15, 2026· 33m 53s· 8 players
Game mode
Random Map
Map size
Large (8 player)
Population
200
Speed
Normal
Resources
Standard
Victory
Conquest
Starting age
Dark Age
Ending age
Imperial Age
RankedLock teamsTeams togetherTeam positionsShared explorationLock speedFull tech treeHidden civsTurbo modeCheats
Victory
Defeat
🇨🇳 Japanese · China
2005
+5
🇨🇳 Mongols · China
1811
+10
🇨🇳 Magyars · China
1713
+14
🇨🇳 Berbers · China
1506
+21
🇨🇳 Mongols · China
1769
-16
🇨🇳 Tatars · China
1682
-13
🇻🇳 Cumans · Vietnam
1647
-11
🇨🇳 Wei · China
1620
-10
清远华
12:37 Feudal Age
14:21 Loom
16:39 Castle Age
15:27 Loom
15:28 Town Watch
15:45 Double-Bit Axe
17:53 Fletching
32:14 Town Watch
Platypus
9:02 Loom
12:27 Feudal Age
12:55 Double-Bit Axe
13:47 Loom
19:28 Wheelbarrow
23:26 Castle Age
21:54 Gold Mining
21:48 Horse Collar
23:47 Bloodlines
24:36 Scale Barding Armor
27:24 Chain Barding Armor
29:19 Forging
大骚刚
3:40 Loom
13:35 Feudal Age
18:02 Castle Age
15:47 Horse Collar
15:53 Double-Bit Axe
19:05 Bow Saw
19:23 Gold Mining
20:10 Wheelbarrow
23:41 Stone Mining
24:45 Heavy Plow
27:35 Gold Shaft Mining
28:07 Hand Cart
28:48 Stone Shaft Mining
32:33 Imperial Age
30:31 Thumb Ring
30:19 Fletching
30:30 Padded Archer Armor
30:53 Ballistics
30:14 Treadmill Crane
31:30 Tuntian
31:43 Bodkin Arrow
31:48 Padded Archer Armor
Sói
7:59 Loom
13:30 Feudal Age
14:29 Double-Bit Axe
18:12 Double-Bit Axe
18:13 Horse Collar
20:59 Fishing Lines
25:47 Wheelbarrow
29:27 Castle Age
27:53 Gold Mining
28:20 Bloodlines
28:17 Scale Barding Armor
28:31 Fletching
29:58 Forging
33:55 Chain Barding Armor
血色浪漫99199
8:14 Loom
10:52 Feudal Age
13:40 Scale Barding Armor
18:42 Bloodlines
18:29 Double-Bit Axe
18:38 Horse Collar
21:34 Town Watch
24:00 Wheelbarrow
26:45 Castle Age
26:55 Light Cavalry
27:36 Husbandry
28:43 Chain Barding Armor
29:46 Bow Saw
凉拌皮蛋
15:13 Feudal Age
19:23 Castle Age
20:22 Loom
21:50 Double-Bit Axe
22:52 Fishing Lines
24:38 Gillnets
26:15 Fletching
27:07 Bow Saw
28:06 Bodkin Arrow
29:42 Husbandry
31:04 Ballistics
30:36 Horse Collar
xan
9:43 Loom
13:03 Feudal Age
17:01 Castle Age
16:35 Double-Bit Axe
24:52 Fletching
_LY_lyx
13:26 Feudal Age
14:16 Double-Bit Axe
17:06 Castle Age
15:39 Fishing Lines
18:13 Bow Saw
18:12 Gillnets
21:58 Wheelbarrow
21:10 Loom
22:28 Gold Mining
23:21 Horse Collar
24:29 Heavy Plow
26:03 Hand Cart
29:29 Imperial Age
27:31 Ballistics
27:02 Fletching
28:04 Bodkin Arrow
29:09 Bloodlines
28:59 Husbandry
29:37 Thumb Ring
30:18 Gold Shaft Mining
30:06 Padded Archer Armor
30:36 Conscription
31:51 Two-Man Saw
31:55 Chemistry
31:13 Arrowslits
31:30 Stone Mining
32:14 Bracer
33:04 Parthian Tactics
32:58 Leather Archer Armor
33:08 Treadmill Crane
33:21 Heavy Cavalry Archer
34:09 Guard Tower
34:15 Murder Holes
Connection lost

Rejoining the realm…

Still unreachable

The connection could not be restored.

Session expired

The server has moved on; the page needs a fresh start.